 Dungeon Crawl Stone Soup version 0.29-a0-911-g88e6f02907 (webtiles) character file.

Game seed: 4641380072014563919

20549 Hubris850 the Bludgeoner (level 12, -11/123 HPs)
             Began as an Ogre Fire Elementalist on July 25, 2022.
             Was a Believer of the Shining One.
             Mangled by Rupert
             ... wielding a +2 great mace of protection
              (39 damage)
             ... on level 2 of the Lair of Beasts.
             The game lasted 00:30:42 (13274 turns).

Hubris850 the Bludgeoner (Ogre Fire Elementalist)  Turns: 13274, Time: 00:30:43

Health: -11/123    AC:  6    Str: 22    XL:     12   Next: 80%
Magic:  16/16      EV: 10    Int: 17    God:    the Shining One [**....]
Gold:   673        SH:  5    Dex: 13    Spells: 12/15 levels left

rFire   . . .      SeeInvis .   a - +3 giant spiked club (vorpal)
rCold   . . .      Faith    .   (shield currently unavailable)
rNeg    + . .      Spirit   .   e - +0 robe
rPois   .          Reflect  +   (helmet restricted)
rElec   .          Harm     .   n - +0 cloak
rCorr   .          Rampage  .   (gloves unavailable)
Will    +++..      Clarity  +   (boots unavailable)
Stlth   +.........              g - amulet "Xidane" {Reflect Will+ Regen+ SH+5}
HPRegen 1.10/turn               k - ring of willpower
MPRegen 0.15/turn               F - +6 ring of strength

@: glowing
A: large, unfitting armour, tough skin 1, iridescent scales 1, agile 1, clarity,
screaming 1
a: Renounce Religion, Divine Shield


You were on level 2 of the Lair of Beasts.
You worshipped the Shining One.
The Shining One was pleased with you.
You visited 3 branches of the dungeon, and saw 13 of its levels.

You collected 673 gold pieces.

Inventory:

Hand Weapons
 a - a +3 vorpal giant spiked club (weapon)
 c - a +0 hand axe
 d - a +0 mace
 f - a +1 vorpal giant club
 i - a +3 dagger
 J - the +9 rapier of the Realm of Zot {vorpal, Str+6}
   (You found it on level 5 of the Dungeon)

   It inflicts extra damage upon your enemies.
   Str:       It affects your strength (+6).
 K - a +1 whip of freezing
Missiles
 l - 8 boomerangs
 u - a throwing net
 L - 3 curare-tipped darts
Armour
 e - a +0 robe (worn)
 n - a +0 cloak (worn)
Jewellery
 g - the amulet "Xidane" (around neck) {Reflect Will+ Regen+ SH+5}
   (You acquired it on level 6 of the Dungeon)

   [amulet of reflection]

   It reflects blocked missile attacks.
   Regen:     It increases your rate of health regeneration.
   SH:        It affects your SH (+5).
   Will:      It increases your willpower.
 k - a ring of willpower (left hand)
 w - a ring of ice
 x - an amulet of faith
 E - an amulet of magic regeneration
 F - a +6 ring of strength (right hand)
 G - a ring of see invisible
 H - a ring of poison resistance
Wands
 r - a wand of flame (16)
 B - a wand of mindburst (24)
Scrolls
 h - a scroll of teleportation
 j - 2 scrolls of poison
 m - 3 scrolls of fog
 q - 3 scrolls of identify
 s - 4 scrolls of noise
 t - 2 scrolls of amnesia
 v - 4 scrolls of enchant armour
 y - 9 scrolls of blinking
 z - 2 scrolls of fear
 C - a scroll of summoning
 M - a scroll of brand weapon
 N - a scroll of torment
Potions
 b - 2 potions of magic
 o - 2 potions of flight
 p - 2 potions of mutation
 A - 3 potions of curing
 D - 2 potions of brilliance
 I - a potion of heal wounds
 O - a potion of haste


   Skills:
 - Level 9.0 Fighting
 + Level 17.0 Maces & Flails
 - Level 1.7 Dodging
 - Level 1.4 Stealth
 - Level 2.4 Spellcasting
 - Level 0.8 Conjurations
 - Level 2.6 Fire Magic
 - Level 6.0 Invocations


You had 12 spell levels left.
You knew the following spells:

 Your Spells              Type           Power      Damage    Failure   Level
a - Foxfire               Conj/Fire      32%        2x1d5     9%          1
b - Scorch                Fire           22%        2d6       10%         2

Your spell library contained the following spells:

 Spells                   Type           Power      Damage    Failure   Level
 Magic Dart               Conj           16%        1d3       13%         1
 Summon Small Mammal      Summ           8%         N/A       19%         1
 Searing Ray              Conj           8%         2d4       21%         2
 Conjure Flame            Conj/Fire      8%         6-21      26%         3
 Sublimation of Blood     Necr           2%         N/A       28%         2
 Wereblood                Tmut           2%         N/A       28%         2
 Inner Flame              Hex/Fire       6%         N/A       32%         3
 Call Canine Familiar     Summ           2%         N/A       50%         3
 Confusing Touch          Hex            2%         N/A       50%         3
 Summon Guardian Golem    Hex/Summ       2%         N/A       50%         3
 Flame Wave               Conj/Fire      8%         2d5       65%         4
 Fulminant Prism          Conj/Hex       1%         3d6       83%         4
 Petrify                  Tmut/Erth      2%         N/A       88%         4
 Irradiate                Conj/Tmut      1%         3d12      99%         5
 Yara's Violent Unravell  Hex/Tmut       1%         3d3       99%         5
 Enfeeble                 Hex            1%         N/A       100%        7
 Summon Hydra             Summ           1%         N/A       100%        7


Dungeon Overview and Level Annotations

Branches:
Dungeon (9/15)             Temple (1/1) D:4            Lair (3/5) D:8
 Spider (0/4) Lair:2
  Swamp: Lair:2-3    Shoals: Lair:2-3       Orc: D:9-12

Altars:
Ashenzari
Cheibriados
Dithmenos
Elyvilon
Fedhas
Gozag
Hepliaklqana
Makhleb
Okawaru
Qazlal
Sif Muna
Trog
Uskayaw
Vehumet
Xom
Yredelemnul
The Shining One

Annotations:
Lair:1 2 transporters, Wiejup's ghost, journeyman DjVM
Lair:2 Rupert


Innate Abilities, Weirdness & Mutations

You are too large for most types of armour.
You have tough skin. (AC +1)
You are partially covered in iridescent scales. (AC +2)
You are agile. (Dex +4, Str/Int -1)
You possess an exceptional clarity of mind.
You occasionally shout uncontrollably at your foes.


Message History

You sock the bullfrog!
The bullfrog is almost dead.
The bullfrog releases a deep croak.
The bullfrog closely misses you. The bullfrog barely misses you.
You bludgeon the bullfrog!!
You kill the bullfrog!
Rupert barely misses you. Rupert completely misses you.
You climb upwards.
There is a stone staircase leading down here.
You puncture Rupert!
Rupert is lightly wounded.
Rupert completely misses you.
You impale Rupert!!
Rupert is moderately wounded.
Rupert misses you. You block Rupert's attack.
You bludgeon Rupert!!
Rupert is moderately wounded.
Rupert hits you with a +2 great mace of protection.
You stick Rupert like a pincushion!!!
Rupert is severely wounded.
Rupert hits you with a +2 great mace of protection!
You hit Rupert but do no damage.
Rupert is severely wounded.
Rupert hits you with a +2 great mace of protection!!
Rupert misses you.
You barely miss Rupert.
Rupert is severely wounded.
Rupert closely misses you.
You sock Rupert!
Rupert is severely wounded.
Rupert hits you with a +2 great mace of protection!!
You barely miss Rupert.
Rupert is severely wounded.
Rupert hits you with a +2 great mace of protection!
Rupert hits you with a +2 great mace of protection!!
* * * LOW HITPOINT WARNING * * *
You bludgeon Rupert!!
Rupert is almost dead.
Rupert hits you with a +2 great mace of protection!!!
You die...

#..###
##.≈..#.≈.≈............
#.##.#
#..##.#≈≈≈............
.....#
#...###≈≈#....#.......
#...##
#...≈#≈≈.#....#.##...#
###..##
##.P≈##......####.#.#.
#.##.## #.≈≈≈..≈≈≈..#
######
#####.######.##≈≈.≈≈≈≈.##
#..#.##..##≈≈.≈##...#
##...##...#@≈≈.#.#..#
##.........@≈###..##
##...#...#..###.P#
###....###.##..## #....#
####.## ###.## #.# ##.#
##.# #..# #..# ##..##
#..#


You could see Rupert (berserk).

Vanquished Creatures
  2 hydras
  An anaconda (Lair:2)
  4 death yaks
  2 alligators (Lair:2)
  A two-headed ogre (D:9)
  Sonja (Lair:2)
  Pikel (D:4)
  2 elephants (Lair:2)
  2 manticores (Lair:2)
  3 black mambas
  5 cane toads
  3 komodo dragons (Lair:2)
  2 rime drakes (Lair:2)
  The ghost of kevlar127 the Ruffian, an amateur TrBe of Trog (D:5)
  A hornet (Lair:2)
  7 blink frogs (Lair:1)
  3 wyverns
  3 basilisks
  A yak (Lair:1)
  2 steam dragons
  The ghost of buhh the Stinger, an amateur OpVM of Hepliaklqana (D:5)
  7 water moccasins
  Duvessa (D:7)
  An orc warrior (D:7)
  A sky beast (D:7)
  6 black bears
  2 ogres
  3 ice beasts
  7 wolves
  The ghost of Gus979 the Trooper, an amateur DsFi (D:4)
  A centaur (D:5)
  4 phantoms
  A kobold brigand (D:8)
  A gnoll sergeant (D:6)
  10 scorpions
  8 bullfrogs
  8 wights (D:7)
  Dowan (D:7)
  3 howler monkeys (D:8)
  3 hounds
  An orc priest (D:5)
  4 jellies
  A gnoll bouda (D:7)
  5 iguanas
  7 orc wizards
  6 gnolls
  8 adders
  A shadow imp (D:8)
  2 ufetubi (D:6)
  4 worms
  A dart slug (D:5)
  30 orcs
  3 bats
  8 endoplasms
  5 giant cockroaches
  8 goblins
  7 hobgoblins
  4 jackals (D:1)
  7 quokkas
  6 ball pythons
  7 frilled lizards
  11 kobolds
  4 rats
257 creatures vanquished.

Vanquished Creatures (others)
  A gnoll (D:7)
  258 foxfires
  7 fungi
  15 plants
  4 withered plants (D:5)
285 creatures vanquished.

Grand Total: 542 creatures vanquished

Notes
Turn   | Place    | Note
-------+----------+-------------------------------------------
     0 | D:1      | Hubris850 the Ogre Fire Elementalist began the quest for
                  | the Orb.
     0 | D:1      | Reached XP level 1. HP: 16/16 MP: 3/3
    27 | D:1      | Reached skill level 1 in Fighting
   332 | D:1      | Reached XP level 2. HP: 27/28 MP: 0/5
   940 | D:1      | Reached skill level 1 in Maces & Flails
  1082 | D:1      | Reached XP level 3. HP: 36/36 MP: 2/6
  1756 | D:2      | Found a faded altar of an unknown god.
  2096 | D:2      | Reached XP level 4. HP: 38/45 MP: 1/7
  2590 | D:3      | Reached skill level 2 in Maces & Flails
  3856 | D:4      | Noticed a black bear
  3857 | D:4      | Found a runed translucent gate.
  3859 | D:4      | Noticed Gus979's ghost (amateur DsFi)
  3876 | D:4      | Reached XP level 5. HP: 47/55 MP: 8/8
  3995 | D:4      | Found a runed translucent gate.
  3997 | D:4      | Noticed an ogre
  4005 | D:4      | Found a runed translucent gate.
  4026 | D:4      | Gained mutation: You occasionally shout uncontrollably at
                  | your foes. [potion of mutation]
  4026 | D:4      | Gained mutation: You possess an exceptional clarity of
                  | mind. [potion of mutation]
  4026 | D:4      | Gained mutation: You are partially covered in iridescent
                  | scales. (AC +2) [potion of mutation]
  4026 | D:4      | Gained mutation: You are agile. (Dex +4, Str/Int -1)
                  | [potion of mutation]
  4303 | D:4      | Noticed a phantom
  4320 | D:4      | Killed a phantom
  4321 | D:4      | Reached skill level 5 in Fighting
  4321 | D:4      | Reached skill level 3 in Maces & Flails
  4321 | D:4      | Reached XP level 6. HP: 39/66 MP: 0/9
  4324 | D:4      | Learned a level 2 spell: Scorch
  4463 | D:4      | Found a shimmering blue altar of Sif Muna.
  4464 | D:4      | Found a bloodstained altar of Trog.
  4466 | D:4      | Found a broken altar of Ashenzari.
  4481 | D:4      | Found a staircase to the Ecumenical Temple.
  4490 | Temple   | Entered the Ecumenical Temple
  4540 | Temple   | Became a worshipper of the Shining One
  4856 | D:4      | Noticed Pikel
  4912 | D:4      | Killed Pikel
  4913 | D:4      | Reached skill level 6 in Maces & Flails
  4913 | D:4      | Reached XP level 7. HP: 72/72 MP: 10/10
  5171 | D:5      | Entered Level 5 of the Dungeon
  5188 | D:5      | Found a runed translucent gate.
  5188 | D:5      | Found a runed translucent gate.
  5588 | D:5      | Reached skill level 7 in Maces & Flails
  5588 | D:5      | Reached XP level 8. HP: 80/80 MP: 11/11
  6294 | D:5      | Found a runed translucent gate.
  6379 | D:5      | Reached skill level 8 in Maces & Flails
  7203 | D:5      | Noticed kevlar127's ghost (amateur TrBe)
  7203 | D:5      | Noticed buhh's ghost (amateur OpVM)
  7288 | D:4      | Killed Gus979's ghost
  7291 | D:4      | Reached skill level 9 in Maces & Flails
  7571 | D:6      | Identified a scroll of acquirement
  7571 | D:6      | Acquired the amulet "Xidane" {Reflect Will+ Regen+ SH+5}
  7601 | D:6      | Reached XP level 9. HP: 88/88 MP: 12/12
  7856 | D:6      | Reached skill level 10 in Maces & Flails
  8530 | D:7      | Reached skill level 11 in Maces & Flails
  8538 | D:7      | Reached * piety under the Shining One
  8665 | D:7      | Noticed Duvessa
  8667 | D:7      | Noticed Dowan
  8670 | D:7      | Killed Duvessa
  8690 | D:7      | Killed Dowan
  8691 | D:7      | Reached skill level 12 in Maces & Flails
  8691 | D:7      | Reached XP level 10. HP: 76/96 MP: 13/13
  9221 | D:7      | Found a hazy altar of Hepliaklqana.
  9353 | D:8      | Found a staircase to the Lair.
  9487 | D:8      | Reached ** piety under the Shining One
  9675 | D:8      | Found a stormy altar of Qazlal.
  9822 | D:8      | Reached skill level 13 in Maces & Flails
 10068 | D:5      | Killed buhh's ghost
 10080 | D:5      | Killed kevlar127's ghost
 10120 | D:5      | Identified the +9 rapier of the Realm of Zot {vorpal,
                  | Str+6}
 10195 | Lair:1   | Entered Level 1 of the Lair of Beasts
 10263 | D:9      | Noticed a two-headed ogre
 10270 | D:9      | Killed a two-headed ogre
 10330 | Lair:1   | Noticed a black mamba
 10336 | Lair:1   | Noticed a death yak
 10338 | Lair:1   | Killed a black mamba
 10538 | Lair:1   | Killed a death yak
 10538 | Lair:1   | Noticed a death yak
 10539 | Lair:1   | Reached skill level 14 in Maces & Flails
 10539 | Lair:1   | Noticed a death yak
 10560 | Lair:1   | Noticed a death yak
 10568 | D:8      | Killed a death yak
 10569 | D:8      | Reached XP level 11. HP: 55/102 MP: 14/14
 10623 | D:8      | Killed a death yak
 10634 | Lair:1   | Killed a death yak
 10635 | Lair:1   | Reached skill level 15 in Maces & Flails
 10647 | Lair:1   | Noticed Wiejup's ghost (journeyman DjVM)
 10667 | Lair:1   | Noticed a four-headed hydra
 10673 | Lair:1   | Killed a four-headed hydra
 10795 | Lair:1   | Found a transporter.
 10799 | Lair:1   | Found a transporter.
 11187 | Lair:1   | Reached skill level 16 in Maces & Flails
 11567 | Lair:2   | Reached skill level 1 in Invocations
 11617 | Lair:2   | Noticed Sonja
 11632 | Lair:2   | Killed Sonja
 11745 | Lair:2   | Reached XP level 12. HP: 115/115 MP: 15/15
 12100 | Lair:2   | Found a hole to the Spider Nest.
 12342 | Lair:2   | Noticed an alligator
 12343 | Lair:2   | Noticed an anaconda
 12343 | Lair:2   | Noticed a four-headed hydra
 12624 | Lair:2   | Killed an anaconda
 12722 | Lair:2   | Killed a four-headed hydra
 12728 | Lair:2   | Reached skill level 5 in Invocations
 12830 | Lair:2   | Killed an alligator
 12936 | Lair:2   | Noticed an alligator
 12950 | Lair:2   | Killed an alligator
 13159 | Lair:2   | Reached skill level 17 in Maces & Flails
 13255 | Lair:3   | Noticed Rupert
 13260 | Lair:3   | Noticed a seven-headed hydra
 13274 | Lair:2   | Mangled by Rupert

Illustrated notes

Levels and vault maps discovered:
D:1:      minmay_arrival_loop, layout_basic, chequers_serial_rivers_small_3
D:2:      layout_rooms, hellmonk_ecumenical_altar_zigzags
D:3:      minmay_recursive_quarters, layout_basic
D:4:      layout_basic, gammafunk_temple_overflow_forgotten, temple_green,
          gammafunk_ghost_split, uniq_pikel
D:5:      layout_layer_cave, gammafunk_ghost_cemetery
D:6:      layout_basic
D:7:      layout_loops_ring, mainiacjoe_overflow_surrounded_room, uniq_duvessa
D:8:      layout_loops_cross, kennysheep_mini_moat, lair_entry_dummy
D:9:      minmay_chopped_fan, layout_gridville, zin_statuary
Temple:   kb_temple_of_zot
Lair:1:   layout_regular_city, gammafunk_ghost_hive, grunt_megastairs_1
Lair:2:   layout_cave_pods, nicolae_spider_entry_non_spiders,
          chequers_serial_rivers_small_b, nicolae_lair_lakeside_cave,
          lemuel_fruit_fields, uniq_sonja
Lair:3:   layout_chaotic_city, minmay_shoals_entry_lonely_mermaid,
          serial_bayou_shore_a, uniq_rupert

Skill      XL: |  1  2  3  4  5  6  7  8  9 10 11 12 |
---------------+-------------------------------------+-----
Fighting       | 2 3 4 5 6 9 |  9.0
Maces & Flails | 1 2 3 6 7 9 12 14 16 17 | 17.0
Invocations    | 2 6 |  6.0
Dodging        | |  1.7
Stealth        | |  1.4
Spellcasting   | |  2.4
Conjurations   | |  0.8
Fire Magic     | |  2.6

Action                   |  1- 3 |  4- 6 |  7- 9 | 10-12 || total
-------------------------+-------+-------+-------+-------++-------
Melee: Hand axe          |    15 |     9 |       |       ||    24
       Spear             |     6 |       |       |       ||     6
       Dagger            |    26 |    95 |       |       ||   121
       Whip              |       |       |   110 |       ||   110
       Punch             |       |       |     1 |       ||     1
       Giant club        |       |       |   109 |    88 ||   197
       Giant spiked club |       |       |       |   225 ||   225
 Cast: Foxfire           |    49 |    45 |    51 |       ||   145
       Scorch            |       |       |    13 |     2 ||    15
Invok: Divine Shield     |       |       |       |     2 ||     2
  Use: Potion            |       |     4 |     5 |     4 ||    13
       Scroll            |       |       |    12 |     9 ||    21
 Stab: Sleeping          |     1 |     3 |       |       ||     4
Armor: Robe              |    15 |    33 |    64 |    71 ||   183
Dodge: Dodged            |    21 |    53 |    89 |   127 ||   290
Block: Other             |       |       |    23 |    73 ||    96

Table legend: (Time is in decaauts)
 A = Elapsed time spent in this place.
 B = Non-inter-level travel time spent in this place.
 C = Inter-level travel time spent in this place.
 D = Time resting spent in this place.
 E = Time spent auto-exploring this place.
 F = Levels seen in this place.
 G = Mean time per level.
                   A        B        C        D        E       F      G
               +--------+--------+--------+--------+--------+-----+--------+
         Total |  13269 |  12756 |    513 |   2161 |   8336 |  13 | 1020.7 |
       Dungeon |  10546 |  10111 |    435 |   1683 |   6862 |   9 | 1171.8 |
        Temple |     83 |     50 |     33 |      0 |      0 |   1 |   83.0 |
          Lair |   2639 |   2594 |     45 |    478 |   1474 |   3 |  879.7 |
               +--------+--------+--------+--------+--------+-----+--------+

Top non-repeatable levels by time:
     D:5: 2166 daAuts
     D:1: 1730 daAuts
  Lair:2: 1726 daAuts
     D:4: 1654 daAuts
     D:3: 1249 daAuts
     D:8: 1025 daAuts
     D:6: 942 daAuts
     D:7: 920 daAuts
  Lair:1: 904 daAuts
     D:2: 779 daAuts
  Temple: 83 daAuts
     D:9: 76 daAuts
  Lair:3: 8 daAuts
